 Dungeon Crawl Stone Soup version 0.25-a0-1113-g0499d652a8 (webtiles) character file.

Game seed: 1218171663220272342, levelgen mode: deterministic

885 vurker the Charlatan (level 7, 47/63 HPs)
             Began as a Deep Dwarf Artificer on May 16, 2020.
             Was an Initiate of Makhleb.
             Quit the game on level 5 of the Dungeon.
             The game lasted 00:12:45 (4748 turns).

vurker the Charlatan (Deep Dwarf Artificer)         Turns: 4748, Time: 00:12:46

Health: 47/63      AC: 13    Str: 17    XL:     7   Next: 76%
Magic:  6/6        EV:  6    Int: 12    God:    Makhleb [......]
Gold:   273        SH:  4    Dex: 13    Spells: 6/6 levels left

rFire    . . .     SeeInvis .   n - +0 dagger
rCold    . . .     Gourm    .   v - +0 buckler
rNeg     . . .     Faith    .   s - +0 plate armour
rPois    +         Spirit   .   (no helmet)
rElec    .         Reflect  .   c - +0 cloak
rCorr    .         Harm     .   (no gloves)
MR       +....                  (no boots)
Stlth    ..........             (no amulet)
HPRegen  0.00/turn              m - ring of poison resistance
MPRegen  0.10/turn              (no ring)

@: non-regenerating
A: damage resistance, heal wounds, sense surroundings 1, no regeneration
a: Heal Wounds, Renounce Religion


You were on level 5 of the Dungeon.
You worshipped Makhleb.
Makhleb was noncommittal.
You were not hungry.

You visited 1 branch of the dungeon, and saw 6 of its levels.

You collected 273 gold pieces.

Inventory:

Hand Weapons
 n - a +0 dagger (weapon)
   (You took it off a goblin on level 1 of the Dungeon)
Armour
 c - a +0 cloak (worn)
   (You found it on level 1 of the Dungeon)
 s - a +0 plate armour (worn)
   (You found it on level 3 of the Dungeon)
 v - a +0 buckler (worn)
   (You found it on level 5 of the Dungeon)
Jewellery
 m - a ring of poison resistance (left hand)
   (You found it on level 2 of the Dungeon)
Wands
 f - a wand of random effects (11)
 o - a wand of enslavement (10)
Scrolls
 d - a scroll of acquirement {unknown}
 j - 7 scrolls of remove curse
 k - 3 scrolls of immolation
 l - 3 scrolls of magic mapping
 r - a scroll of enchant weapon
 w - a scroll of enchant armour {unknown}
Potions
 a - 2 potions of lignification
 b - a potion of haste
 h - 2 potions of heal wounds
 i - 6 potions of curing
 p - a potion of mutation
 q - a potion of berserk rage
 u - 2 potions of ambrosia
Comestibles
 e - 10 rations


   Skills:
 + Level 3.8 Fighting
 - Level 0.8 Short Blades
 + Level 4.4 Armour
 - Level 5.0 Dodging
 - Level 1.2 Stealth
 + Level 1.0 Shields
 + Level 2.4 Invocations
 + Level 6.9 Evocations


You had 6 spell levels left.
You didn't know any spells.
Your spell library was empty.

Dungeon Overview and Level Annotations

Branches:
Dungeon (6/15)             Temple (0/1) D:5

Altars:
Cheibriados
Hepliaklqana
Makhleb
Nemelex Xobeh
Ru
Trog
Yredelemnul
Zin

Annotations:
D:6 Eustachio


Innate Abilities, Weirdness & Mutations

You are resistant to damage.
You can heal yourself by infusing magical energy.
You passively map a small area around you.
You do not regenerate.


Message History

There is a stone staircase leading up here.
You start waiting.
Eating one of 8 chunks of flesh.
You eat one of the 8 chunks of flesh.
Some of the chunks of flesh in your inventory have rotted away. x2
All of the chunks of flesh in your inventory have rotted away.
Done waiting.
You can't go down here!
You climb upwards.
Level annotation: Eustachio
There is a stone staircase leading down here.
Your plate armour prevents you from hitting Eustachio.
Eustachio casts a spell.
Eustachio blinks!
There is a stone staircase leading down here.
You hit Eustachio.
Eustachio casts a spell.
You closely miss Eustachio.
Eustachio mumbles some strange words.
You block the river rat's attack. Eustachio hits you but does no damage.
You block the river rat's attack.
The crimson imp hits you but does no damage.
You climb downwards.
The river rat disappears in a puff of smoke!
The crimson imp disappears in a puff of smoke!
The shadow imp disappears in a puff of smoke!
The iron imp disappears in a puff of smoke!
There is a stone staircase leading up here.
You hit Eustachio but do no damage. You block Eustachio's attack.
You barely miss Eustachio. Eustachio barely misses you.
Your plate armour prevents you from hitting Eustachio.
Eustachio mumbles some strange words.
Eustachio blinks!
You miss Eustachio. Eustachio hits you with a +0 falchion.
Eustachio says, "My allies will avenge me."
Eustachio mumbles some strange words.
There is a stone staircase leading up here.
The iron imp hits you but does no damage.
The iron imp hits you but does no damage.
You barely miss the iron imp.
Eustachio gestures wildly while chanting.
Eustachio blinks!
The iron imp hits you.
You hit the iron imp. The iron imp hits you!
You hit the iron imp but do no damage. You hit the iron imp.
The iron imp hits you but does no damage.
Eustachio gestures wildly while chanting.
The iron imp completely misses you.
The white imp hits you but does no damage.
You climb upwards.
There is a stone staircase leading down here.

### ### #.#.#.###.#...#.##
#.#........#.#..#
#.#########.#.### #.# ##.##
###.# ### #...# ##.#.##
#####.....#### #.....#..@...#
##### ########.###.....##.#
#.... ..<...##.# ##.#.###.#
#.###
#####.##.####...###.#########.#
#.##............##........#
#.##..###.####..##.######.#
#.##..###.####.....# #.###
#.##............#### ##....
#.###.###.####..# #.....


There were no monsters in sight!

Vanquished Creatures
  Sigmund (D:5)
  Edmund (D:4)
  A centaur (D:4)
  Blork the orc (D:4)
  A bullfrog skeleton (D:5)
  2 orc wizards (D:6)
  An orc priest (D:4)
  2 iguanas
  Terence (D:2)
  Natasha (thrice) (D:3)
  A worker ant (D:4)
  8 adders
  An adder zombie (D:5)
  An adder skeleton (D:4)
  3 worms (D:3)
  2 dart slugs
  A leopard gecko (D:4)
  8 orcs
  2 ball pythons (D:3)
  7 bats
  5 giant cockroaches
  12 goblins
  12 hobgoblins
  A quokka (D:2)
  4 frilled lizards (D:1)
  11 kobolds
  A leopard gecko skeleton (D:6)
  A quokka skeleton (D:4)
  6 rats
101 creatures vanquished.

Notes
Turn   | Place    | Note
-------+----------+-------------------------------------------
     0 | D:1      | vurker the Deep Dwarf Artificer began the quest for the
                  | Orb.
     0 | D:1      | Reached XP level 1. HP: 16/16 MP: 3/3
    32 | D:1      | Reached skill level 1 in Fighting
    71 | D:1      | Reached XP level 2. HP: 19/25 MP: 5/5
   194 | D:1      | Reached skill level 1 in Armour
   321 | D:1      | Found a sparkling altar of Nemelex Xobeh.
   810 | D:1      | Reached XP level 3. HP: 31/31 MP: 6/6
  1127 | D:2      | Noticed Terence
  1190 | D:2      | Found a bloodstained altar of Trog.
  1855 | D:2      | Reached XP level 4. HP: 36/39 MP: 6/6
  1948 | D:2      | Killed Terence
  1948 | D:2      | Reached skill level 5 in Evocations
  2285 | D:3      | Found a hazy altar of Hepliaklqana.
  2287 | D:3      | Found a basalt altar of Yredelemnul.
  2318 | D:3      | Found a snail-covered altar of Cheibriados.
  2522 | D:3      | Reached XP level 5. HP: 20/45 MP: 7/7
  2719 | D:3      | Noticed Natasha
  2737 | D:3      | Killed Natasha
  2990 | D:3      | Noticed Natasha
  3025 | D:3      | Killed Natasha
  3063 | D:3      | Noticed Natasha
  3088 | D:3      | Killed Natasha
  3113 | D:4      | Noticed Blork the orc
  3115 | D:4      | Killed Blork the orc
  3115 | D:4      | Reached XP level 6. HP: 55/55 MP: 7/7
  3155 | D:4      | Noticed Edmund
  3171 | D:4      | Killed Edmund
  3171 | D:4      | Reached skill level 6 in Evocations
  3253 | D:4      | Found a burning altar of Makhleb.
  3255 | D:4      | Found a glowing silver altar of Zin.
  3255 | D:4      | Noticed an angel
  3256 | D:4      | Noticed an Executioner
  3258 | D:4      | Became a worshipper of Makhleb the Destroyer
  3336 | D:4      | Reached XP level 7. HP: 23/62 MP: 8/8
  3548 | D:4      | Found a snail-covered altar of Cheibriados.
  3665 | D:5      | Entered Level 5 of the Dungeon
  3846 | D:5      | Found a sacrificial altar of Ru.
  3848 | D:5      | Noticed Sigmund
  3899 | D:5      | Killed Sigmund
  3899 | D:5      | Reached skill level 1 in Invocations
  4078 | D:5      | Reached skill level 5 in Dodging
  4256 | D:5      | Found a staircase to the Ecumenical Temple.
  4557 | D:6      | Reached skill level 1 in Shields
  4558 | D:6      | Noticed Eustachio
  4748 | D:5      | Quit the game

Illustrated notes

Levels and vault maps discovered:
D:1:      tarquinn_simple_flora_water_b, layout_basic,
          nemelex_diamond_rough_becter
D:2:      layout_basic, bloody_trog, uniq_terence
D:3:      layout_loops_ring, grunt_temple_overflow_open, first_ration,
          uniq_natasha
D:4:      layout_rooms, grunt_temple_overflow_order_and_chaos_2,
          kennysheep_slug_shrine, uniq_edmund, uniq_blork_the_orc
D:5:      layout_loops_ring, nicolae_ru_awakened_eye,
          minmay_temple_entry_antechambers, uniq_sigmund
D:6:      layout_loops_ring, nemelex_xobeh_ov_fountains_minmay, uniq_eustachio

Skill      XL: |  1  2  3  4  5  6  7 |
---------------+----------------------+-----
Fighting       | 1 2 3 |  3.8
Armour         | 1 2 3 4 |  4.4
Dodging        | 3 4 5 |  5.0
Evocations     | 5 6 |  6.9
Invocations    | 2 |  2.4
Shields        | 1 |  1.0
Short Blades   | |  0.8
Stealth        | |  1.2

Action                   |  1- 3 |  4- 6 |  7- 9 || total
-------------------------+-------+-------+-------++-------
Melee: Short sword       |    89 |       |       ||    89
       Dagger            |   111 |   321 |   293 ||   725
 Abil: Heal Wounds       |     2 |     4 |     9 ||    15
Evoke: Wand              |       |    14 |    18 ||    32
  Use: Scroll            |       |     8 |     5 ||    13
 Stab: Sleeping          |     1 |       |       ||     1
  Eat: Chunk             |     3 |     6 |     5 ||    14
Armor: Leather armour    |    48 |       |       ||    48
       Scale mail        |    25 |     5 |       ||    30
       Plate armour      |       |   151 |   218 ||   369
Dodge: Dodged            |   124 |    93 |   103 ||   320
Block: Buckler           |       |       |    35 ||    35

Table legend:
 A = Non-vault XP
 B = Vault XP
 C = Vault XP percentage of total XP
 D = Non-vault monster count
 E = Vault monster count
 F = Vault count percentage of total count
                 A         B        C        D         E       F
            +---------+---------+-------+---------+---------+-------
      Total |     712 |     553 |  43.7 |      95 |       6 |   5.9
            +---------+---------+-------+---------+---------+-------
        D:1 |      46 |       0 |   0.0 |      30 |       0 |   0.0
        D:2 |      68 |      36 |  34.6 |      19 |       1 |   5.0
        D:3 |     157 |      35 |  18.2 |      24 |       1 |   4.0
        D:4 |     200 |     262 |  56.7 |      11 |       3 |  21.4
        D:5 |      87 |     220 |  71.7 |       3 |       1 |  25.0
        D:6 |     154 |       0 |   0.0 |       8 |       0 |   0.0
            +---------+---------+-------+---------+---------+-------
